 Dungeon Crawl Stone Soup version 0.24.1 (webtiles) character file.

Game seed: 15555517744626786624, levelgen mode: deterministic

13555 BuffBuff the Cleaver (level 11, -2/151 HPs)
             Began as a Minotaur Berserker on Mar 25, 2020.
             Was a High Priest of Trog.
             Slain by Frances
             ... wielding a +0 trident
              (10 damage)
             ... on level 12 of the Dungeon.
             The game lasted 00:26:02 (10360 turns).

BuffBuff the Cleaver (Minotaur Berserker)          Turns: 10360, Time: 00:26:02

Health: -2/151     AC: 23    Str: 30    XL:     11   Next: 77%
Magic:  0/10       EV: 12    Int:  4    God:    Trog [*****.]
Gold:   476        SH:  0    Dex: 10    Spells: 10/10 levels left

rFire    . . .     SeeInvis .   a - +2 battleaxe (flame)
rCold    . . .     Gourm    .   (shield currently unavailable)
rNeg     . . .     Faith    .   y - +4 plate armour
rPois    .         Spirit   +   (helmet restricted)
rElec    .         Reflect  .   H - scarf {Spirit}
rCorr    .         Harm     .   p - +0 pair of gloves
MR       .....                  s - +2 pair of boots
Stlth    ..........             l - amulet of guardian spirit
HPRegen  0.35/turn              v - ring of attention (curse)
MPRegen  0.12/turn              (no ring)

@: berserking, very quick
A: retaliatory headbutt, horns 2
a: Berserk, Trog's Hand, Brothers in Arms, Renounce Religion


You were on level 12 of the Dungeon.
You worshipped Trog.
Trog was extremely pleased with you.
You were hungry.

You visited 1 branch of the dungeon, and saw 12 of its levels.
You also visited: Ossuary.

You collected 681 gold pieces.
You spent 205 gold pieces at shops.

Inventory:

Hand Weapons
 a - a +2 battleaxe of flaming (weapon)
Missiles
 r - 21 poisoned darts (quivered)
Armour
 p - a +0 pair of gloves (worn)
 s - a +2 pair of boots (worn)
 y - a +4 plate armour (worn)
 H - a scarf of spirit shield (worn)
Jewellery
 l - an amulet of guardian spirit (around neck)
 v - a cursed ring of attention (left hand)
Wands
 G - a wand of enslavement (6)
Scrolls
 d - a scroll of fear
 f - 14 scrolls of identify
 h - 5 scrolls of teleportation
 j - 3 scrolls of fog
 x - 2 scrolls of blinking
 A - a scroll of remove curse
 B - a scroll of holy word {unknown}
 F - a scroll of magic mapping
Potions
 b - 4 potions of curing {unknown}
 e - 3 potions of experience {unknown}
 g - 2 potions of resistance {unknown}
 i - 8 potions of degeneration {unknown}
 k - 2 potions of ambrosia {unknown}
 m - a potion of invisibility {unknown}
 n - 5 potions of might
 o - a potion of mutation {unknown}
 q - 4 potions of agility
 t - 3 potions of haste {unknown}
 u - a potion of cancellation
 w - 3 potions of flight {unknown}
 z - 2 potions of lignification {unknown}
 D - 2 potions of heal wounds {unknown}
 E - a potion of magic {unknown}
Comestibles
 c - 25 rations


   Skills:
 + Level 10.8 Fighting
 * Level 14.3 Axes
 + Level 10.5 Armour
 + Level 9.6 Dodging


You had 10 spell levels left.
You didn't know any spells.
Your spell library was empty.

Dungeon Overview and Level Annotations

Branches:
Dungeon (12/15)            Temple (0/1) D:6            Lair (0/6) D:9
    Orc (0/2) D:11        Ossuary (visited)

Altars:
Elyvilon
Gozag
Kikubaaqudgha
Okawaru
Ru
Uskayaw
Vehumet
Wu Jian
Xom
The Shining One

Shops:
D:6 *

Annotations:
D:12 Frances


Innate Abilities, Weirdness & Mutations

You reflexively headbutt those who attack you in melee.
You have a pair of horns on your head.


Message History

You are feeling hungry.
The soul eater barely misses you. You furiously retaliate!
You headbutt the soul eater. Frances misses you.
The red devil hits you but does no damage.
The ynoxinul hits you.
You slash Frances! You burn Frances!
Frances is severely wounded.
You closely miss the ynoxinul. You closely miss the soul eater.
Frances chants phrases taken from a devil's mouth.
The iron shot hits you!!!
* * * LOW HITPOINT WARNING * * *
The soul eater hits you!
* * * LOW HITPOINT WARNING * * *
The ynoxinul gestures.
The red devil closely misses you.
You slice Frances!! You burn Frances.
Frances is almost dead.
You miss the ufetubus. You barely miss the ynoxinul.
You closely miss the soul eater. Frances hits you with a +0 trident!
You die...

##########
#..<[....#
#........#
#..$.....#
#$......4#
#......5@#
#......3@##
#......<3)#
#.....5.......#
##..#########.#
#. #


You could see Frances, a soul eater, a ynoxinul, a red devil and 2 ufetubi.

Vanquished Creatures
  A queen ant (D:9)
  A two-headed ogre (D:9)
  An unseen horror (D:10)
  An ugly thing (D:11)
  A komodo dragon (D:9)
  5 trolls
  3 hippogriffs
  6 yaks (D:10)
  Grum (D:10)
  A hungry ghost (D:11)
  A water moccasin (D:11)
  20 soldier ants (D:9)
  4 orc warriors
  A phantom (D:7)
  An eye of draining (D:9)
  3 ice beasts
  3 sky beasts
  2 necrophages
  A wolf (D:10)
  10 centaurs
  4 ogres
  A big kobold (D:7)
  4 gnoll sergeants
  7 bullfrogs
  4 scorpions
  3 howler monkeys
  2 quasits
  A bullfrog zombie (D:8)
  13 hounds
  A centaur zombie (D:10)
  3 crimson imps
  6 orc priests
  5 jellies
  2 gnoll shamans
  2 bullfrog skeletons
  A centaur skeleton (D:7)
  23 worker ants
  12 orc wizards
  13 mummies (Ossuary)
  22 gnolls
  9 adders
  2 shadow imps (D:11)
  An ooze (D:2)
  3 adder skeletons
  6 worms
  2 dart slugs
  9 leopard geckos
  49 orcs
  6 bats
  3 giant cockroaches
  8 goblins
  5 hobgoblins
  7 jackals
  5 quokkas
  A ball python (D:6)
  4 frilled lizards
  2 goblin skeletons (Ossuary)
  13 kobolds
  2 kobold skeletons (Ossuary)
  4 orc skeletons (Ossuary)
  4 rats
  11 rat skeletons (Ossuary)
352 creatures vanquished.

Vanquished Creatures (others)
  4 plants (D:9)
4 creatures vanquished.

Grand Total: 356 creatures vanquished

Notes
Turn   | Place    | Note
-------+----------+-------------------------------------------
     0 | D:1      | BuffBuff the Minotaur Berserker began the quest for the
                  | Orb.
     0 | D:1      | Reached XP level 1. HP: 19/19 MP: 0/0
   160 | D:1      | Reached XP level 2. HP: 27/27 MP: 1/1
   176 | D:1      | Reached skill level 4 in Axes
   615 | D:1      | Reached ** piety under Trog
   695 | D:1      | Reached XP level 3. HP: 33/33 MP: 2/2
  1193 | D:2      | Reached XP level 4. HP: 32/40 MP: 3/3
  1388 | D:2      | Reached skill level 5 in Axes
  1974 | D:3      | Reached *** piety under Trog
  1981 | D:3      | Reached XP level 5. HP: 36/47 MP: 4/4
  2271 | D:3      | Found a shimmering altar of Xom.
  2584 | D:4      | Found a sacrificial altar of Ru.
  2622 | D:4      | Found an opulent altar of Gozag.
  2647 | D:4      | Reached XP level 6. HP: 51/53 MP: 5/5
  2662 | D:4      | Found an ancient bone altar of Kikubaaqudgha.
  2897 | D:4      | Reached skill level 6 in Axes
  3380 | D:5      | Entered Level 5 of the Dungeon
  3384 | D:4      | Reached skill level 5 in Fighting
  3418 | D:5      | Noticed a sky beast
  3447 | D:5      | Killed a sky beast
  3507 | D:5      | Reached XP level 7. HP: 57/61 MP: 3/6
  3533 | D:5      | Reached **** piety under Trog
  3605 | D:5      | Reached skill level 7 in Axes
  3656 | D:5      | Found an ornate altar of the Wu Jian Council.
  3689 | D:5      | Reached skill level 5 in Armour
  3980 | D:6      | Found a staircase to the Ecumenical Temple.
  3982 | D:6      | Found a sand-covered staircase.
  3991 | Ossuary  | Entered an ossuary
  4596 | D:6      | Found Rugreh's Mayhem Merchandise.
  4610 | D:6      | Bought a +1 battleaxe of flaming for 205 gold pieces
  4685 | D:6      | Reached skill level 5 in Dodging
  4685 | D:6      | Reached XP level 8. HP: 57/70 MP: 4/7
  4689 | D:6      | Reached skill level 8 in Axes
  4910 | D:6      | Found a white marble altar of Elyvilon.
  5249 | D:7      | Reached ***** piety under Trog
  5254 | D:7      | Reached skill level 9 in Axes
  5986 | D:8      | Reached XP level 9. HP: 67/79 MP: 5/8
  6099 | D:8      | Reached skill level 10 in Axes
  6616 | D:8      | Found a glowing golden altar of the Shining One.
  6811 | D:9      | Noticed a two-headed ogre
  6825 | D:9      | Killed a two-headed ogre
  6825 | D:9      | Reached skill level 11 in Axes
  6825 | D:9      | Reached XP level 10. HP: 35/90 MP: 3/9
  7445 | D:9      | Found a hide-covered altar of Uskayaw.
  7445 | D:9      | Found a radiant altar of Vehumet.
  7650 | D:9      | Reached skill level 12 in Axes
  8037 | D:9      | Noticed a queen ant
  8045 | D:9      | Killed a queen ant
  8275 | D:9      | Found a staircase to the Lair.
  8344 | D:9      | Reached skill level 13 in Axes
  8344 | D:9      | Reached XP level 11. HP: 94/99 MP: 8/10
  8370 | D:10     | Entered Level 10 of the Dungeon
  8421 | D:10     | Received a gift from Trog
  8473 | D:10     | Noticed an unseen horror
  8477 | D:10     | Killed an unseen horror
  8482 | D:10     | Reached skill level 10 in Fighting
  8845 | D:10     | Reached skill level 10 in Armour
  8863 | D:10     | Noticed Grum
  9057 | D:10     | Killed Grum
  9299 | D:11     | Noticed a cyan ugly thing
  9310 | D:11     | Killed a cyan ugly thing
  9526 | D:11     | Found an iron altar of Okawaru.
  9602 | D:11     | Reached skill level 14 in Axes
  9740 | D:11     | Found a staircase to the Orcish Mines.
  9826 | D:11     | Identified the +6 scale mail of Lethargy {rF- Int+9}
 10347 | D:12     | Noticed Frances
 10356 | D:12     | Noticed a soul eater
 10360 | D:12     | Slain by Frances

Levels and vault maps discovered:
D:1:      minmay_arrival_three_doors, layout_rooms
D:2:      layout_rooms
D:3:      layout_rooms, xom_teletrap_fun, first_ration
D:4:      layout_gridville, nicolae_ru_sacrificial_ziggurat,
          kiku_gazebo_garden_becter, old_standard_altar
D:5:      layout_rooms, overflow_temple_1_default
D:6:      layout_rooms, elyvilon_altar_1, minmay_temple_entry_large_hall,
          nicolae_ossuary_entry_ruins, minmay_shop_mayhem
D:7:      layout_basic, minmay_misc_feat_diagonals
D:8:      layout_rooms, old_standard_altar
D:9:      layout_roguey, gammafunk_temple_overflow_pools, david_lair_shrubbed,
          grunt_ogre_cave, wad_floor_pattern_2, minivault_29
D:10:     layout_cave_pools, serial_gnoll_camp, gnoll_camp_mini_doghouse,
          grums_kennel, gnoll_camp_huts_basic, gnoll_camp_mini_hut
D:11:     layout_roguey, orc_0_dummy, basic_altar, corexii_hall_statues_i
D:12:     kennysheep_kobold_lugonu_temple, layout_rooms, enter_trove_6,
          uniq_frances, uniq_azrael

Skill      XL: |  1  2  3  4  5  6  7  8  9 10 11 |
---------------+----------------------------------+-----
Axes           | 4 5 6 7 9 11 13 14 | 14.3
Fighting       | 4 5 6 7 8 9 10 | 10.8
Armour         | 3 4 5 6 8 9 10 | 10.5
Dodging        | 3 4 5 6 7 8 9 |  9.6

Action                   |  1- 3 |  4- 6 |  7- 9 | 10-12 || total
-------------------------+-------+-------+-------+-------++-------
Melee: Hand axe          |    98 |   201 |   156 |       ||   455
       Headbutt          |     8 |    32 |    55 |    55 ||   150
       Battleaxe         |       |       |   161 |   283 ||   444
Invok: Berserk           |       |       |     2 |     4 ||     6
       Trog's Hand       |       |       |       |     2 ||     2
  Use: Scroll            |       |     8 |       |     9 ||    17
  Eat: Chunk             |     1 |     7 |     9 |    16 ||    33
       Ration            |       |       |     1 |       ||     1
Armor: Animal skin       |    12 |       |       |       ||    12
       Plate armour      |    34 |   172 |   168 |   233 ||   607
Dodge: Dodged            |    55 |   103 |   133 |   208 ||   499
